AoeStats
← Kingfidohi072

Arena

510259880Analyzed
1v1 RM · 2d ago on Sep 30, 2026· 32m 23s· 2 players
Game mode
Random Map
Map size
Tiny (2 player)
Population
200
Speed
Normal
Resources
Standard
Victory
Conquest
Starting age
Dark Age
Ending age
Imperial Age
RankedLock teamsTeams togetherTeam positionsShared explorationLock speedFull tech treeHidden civsTurbo modeCheats
Victory
Defeat
🇨🇳 Portuguese · China
877
+16
🇨🇱 Bohemians · Chile
873
-43
Kingfidohi072
10:27 Feudal Age
11:29 Horse Collar
12:00 Double-Bit Axe
18:23 Castle Age
21:08 Heavy Plow
25:35 Bow Saw
26:27 Wheelbarrow
25:37 Loom
25:38 Town Watch
28:30 Town Patrol
小河坂梦
11:49 Feudal Age
15:18 Castle Age
19:18 Imperial Age
19:34 Stone Mining
23:53 Gold Mining
23:54 Double-Bit Axe
25:04 Guilds
24:40 Loom
26:28 Chemistry
26:10 Treadmill Crane
26:53 Ballistics
27:23 Town Watch
28:35 Wheelbarrow
28:25 Bombard Tower
28:16 Fletching
28:26 Herbal Medicine
28:29 Murder Holes
29:34 Arquebus
30:23 Conscription
31:28 Stone Shaft Mining
31:04 Bow Saw
31:09 Fortified Wall
31:48 Siege Engineers
Connection lost

Rejoining the realm…

Still unreachable

The connection could not be restored.

Session expired

The server has moved on; the page needs a fresh start.